Map: Cyber Forest LE

Players

Future - Winner!

  • Race: Terran Terran
  • League: Grandmaster
  • Spawn Location: 5:00

Silky

  • Race: Zerg Zerg
  • Spawn Location: 11:00

VOD

Have the link to the VOD?

Description

gsdgdsgds

Time

  • Played on: July 30, 2019, 9:30 p.m.
  • Length: 7:15
Show
View Real Time Build Order
Export as new Build Order

Future Terran - Winner!

Build Orders: Hellion Opening, Reaper Expand 

Get SALT Encoding   

  12  0:00  SCV  
  13  0:12  SCV  
  14  0:17  Supply Depot  
  14  0:25  SCV  
  15  0:38  SCV  
  15  0:39  Barracks  
  16  0:43  Refinery  
  16  0:50  SCV  
  17  1:02  SCV  
  18  1:16  SCV  
  19  1:27  Reaper  
  19  1:28  Orbital Command  
  20  1:39  Command Center  
  20  1:49  Supply Depot  
  20  1:53  SCV  
  21  1:59  Marine  
  22  2:05  SCV  
  22  2:07  Factory  
  23  2:12  Refinery  
  23  2:17  SCV  
  23  2:21  Barracks Reactor  
  24  2:29  SCV  
  25  2:42  SCV  
  26  2:51  Orbital Command  
  26  2:55  SCV  
  26  2:56  Starport  
  27  3:04  Hellion  
  27  3:05  Hellion  
  31  3:07  SCV, Marine  
  31  3:10  Supply Depot  
  33  3:17  SCV  
  33  3:19  SCV  
  34  3:26  Hellion x2  
  38  3:29  SCV  
  38  3:31  SCV  
  40  3:35  Fusion Core, Starport Tech Lab  
  40  3:39  Marine  
  41  3:41  SCV  
  41  3:43  SCV  
  43  3:49  Hellion x2  
  43  3:52  Supply Depot  
  43  3:53  SCV  
  49  3:55  SCV  
  49  4:08  SCV x2  
  51  4:13  Hellion  
  51  4:14  Hellion  
  57  4:26  Battlecruiser  
  57  4:28  Supply Depot  
  61  4:38  Command Center  
  61  4:39  SCV  
  61  4:42  Refinery  
  61  4:43  Refinery  
  62  4:49  SCV, Supply Depot  
  62  4:51  SCV  
  64  4:58  Weapon Refit  
  64  5:01  SCV  
  64  5:03  SCV  
  64  5:05  Hellion  
  64  5:06  Hellion  
  70  5:07  Supply Depot  
  70  5:13  SCV  
  71  5:15  SCV  
  72  5:26  SCV  
  73  5:30  Battlecruiser  
  73  5:33  SCV  
  80  5:36  Hellion  
  80  5:37  Hellion  
  80  5:38  SCV  
  85  5:45  SCV  
  86  5:50  SCV  
  86  5:54  Orbital Command  
  86  5:55  Factory  
  86  5:56  Factory  
  87  5:57  SCV  
  87  6:02  SCV  
  89  6:08  Refinery  
  89  6:10  SCV, Barracks Tech Lab  
  88  6:13  Hellion  
  88  6:14  SCV, Hellion  
  93  6:18  Orbital Command  
  93  6:22  SCV  
  92  6:26  SCV  
  92  6:28  Refinery  
  93  6:32  Factory  
  93  6:33  Factory  
  93  6:34  SCV  
  93  6:35  Hellion x2  
  96  6:40  SCV  
  96  6:46  SCV  
  96  6:47  Factory Tech Lab  
  96  6:48  Factory Tech Lab  
  96  6:50  SCV  
  96  6:53  SCV  
  98  6:58  SCV  
  98  6:59  Supply Depot x2  
  99  7:02  SCV  
Show
View Real Time Build Order
Export as new Build Order

Silky Zerg 

Build Orders: Hatch First 

Get SALT Encoding   

  12  0:00  Drone  
  13  0:13  Overlord  
  13  0:17  Drone  
  14  0:31  Drone x2  
  16  0:47  Hatchery  
  15  0:51  Drone  
  15  0:55  Drone  
  17  0:58  Drone  
  18  1:09  Extractor  
  17  1:13  Spawning Pool  
  17  1:17  Drone  
  17  1:20  Drone  
  18  1:28  Drone  
  19  1:39  Drone  
  20  1:50  Overlord  
  20  2:00  Queen x2, Zergling x2  
  20  2:01  Zergling x2  
  26  2:09  Metabolic Boost  
  26  2:10  Drone  
  26  2:12  Drone  
  27  2:33  Drone, Hatchery  
  27  2:35  Drone  
  30  2:49  Overlord  
  30  2:51  Drone, Queen  
  29  2:53  Drone  
  29  2:57  Drone x2  
  34  3:01  Drone  
  35  3:07  Drone  
  35  3:09  Drone  
  35  3:10  Drone  
  38  3:15  Queen  
  38  3:16  Drone  
  38  3:17  Drone  
  42  3:20  Drone  
  42  3:26  Overlord  
  43  3:30  Overlord  
  43  3:34  Extractor x2, Drone  
  43  3:35  Extractor, Drone x2  
  46  3:44  Queen  
  46  3:45  Drone x2  
  50  3:48  Lair  
  50  3:51  Zergling x2  
  51  3:55  Queen  
  51  3:59  Baneling Nest  
  51  4:01  Zergling x2  
  51  4:02  Zergling x2  
  54  4:06  Overlord  
  54  4:08  Drone  
  55  4:10  Overlord  
  55  4:14  Drone x2  
  57  4:17  Extractor  
  57  4:18  Drone  
  57  4:22  Spore Crawler  
  56  4:27  Zergling x2  
  56  4:28  Zergling x2  
  56  4:29  Queen  
  60  4:32  Drone x3  
  60  4:33  Drone  
  60  4:36  Spore Crawler  
  60  4:38  Drone x2  
  65  4:44  Overlord  
  65  4:47  Zergling x4  
  65  4:49  Baneling x3  
  65  4:56  Drone x6  
  71  5:01  Overlord  
  71  5:03  Drone x3  
  74  5:11  Drone x5  
  74  5:14  Extractor  
  78  5:15  Overlord  
  78  5:17  Overseer  
  78  5:18  Overseer  
  78  5:23  Drone x2  
  78  5:27  Overlord  
  80  5:30  Drone x2  
  80  5:31  Drone  
  80  5:32  Extractor  
  80  5:33  Extractor  
  80  5:34  Extractor, Evolution Chamber  
  80  5:35  Evolution Chamber  
  78  5:37  Spore Crawler  
  78  5:41  Overlord  
  78  5:42  Zergling x2  
  77  5:46  Overlord  
  72  5:52  Overlord  
  72  5:57  Zergling x6  
  72  5:58  Drone x4  
  73  6:13  Zergling x4  
  73  6:15  Drone  
  73  6:16  Drone x4  
  72  6:26  Spore Crawler, Queen  
  68  6:37  Drone x6  
  71  6:48  Zergling x6  
  68  6:54  Spire  
  67  7:03  Drone x2  
Tags
 
Add a new tag
Caveats
  • Supply blocks, unpowered buildings, or Contaminate may cause inaccurate times.
  • Supply counts are checked every 10 seconds.